 Dungeon Crawl Stone Soup version 0.17.0-1-g61d176b (webtiles) character file.

6941 HungrySpirit the Basher (level 11, -2/69 HPs)
             Began as a Gargoyle Fighter on Nov 7, 2015.
             Was an Elder of Okawaru.
             Slain by Maud
             ... wielding a +0 eveningstar
              (25 damage)
             ... on level 10 of the Dungeon.
             The game lasted 00:24:44 (13234 turns).

HungrySpirit the Basher (Gargoyle Fighter)         Turns: 13234, Time: 00:24:44

Health: -2/69      AC: 18    Str: 24    XL:     11   Next: 7%
Magic:  9/11       EV: 12    Int:  8    God:    Okawaru [****..]
Gold:   543        SH:  0    Dex:  9    Spells: 0 memorised, 10 levels left

rFire  + . .     SeeInvis .     E - +0 dire flail
rCold  . . .     Clarity  .     b - +0 scale mail
rNeg   + . .     SustAt   .     (shield currently unavailable)
rPois  ∞         Gourm    .     (no helmet)
rElec  +         Spirit   .     i - +0 cloak
rCorr  .         Warding  .     (no gloves)
rMut   .         Stasis   .     x - +0 pair of boots
MR     +....                    g - amulet of faith
Stlth  +.........               v - ring of protection from fire
                                u - ring of protection from magic

@: heroism, very slightly contaminated, hasted, very quick, somewhat resistant
to hostile enchantments, very unstealthy
A: negative energy resistance 1, electricity resistance, unbreathing,
petrification resistance, rot immunity, AC +7
a: Heroism, Renounce Religion


You were on level 10 of the Dungeon.
You worshipped Okawaru.
Okawaru was greatly pleased with you.
You were not hungry.

You visited 2 branches of the dungeon, and saw 11 of its levels.
You also visited: Bailey.

You collected 543 gold pieces.

Inventory:

Hand Weapons
 d - a +0 flail of crushing
 E - a +0 dire flail (weapon)
Armour
 b - a +0 scale mail (worn)
 i - a +0 cloak (worn)
 x - a +0 pair of boots (worn)
Jewellery
 g - an amulet of faith (around neck)
 l - an uncursed amulet of rage
 m - an uncursed ring of invisibility
 u - a ring of protection from magic (left hand)
 v - a ring of protection from fire (right hand)
Wands
 a - a wand of disintegration (19)
 L - a wand of draining (9)
Scrolls
 f - 4 scrolls of remove curse
 k - a scroll of noise
 p - 2 scrolls of immolation
 q - a scroll of amnesia
 s - 3 scrolls of teleportation
 y - a scroll of enchant armour
 C - 2 scrolls of fog
 H - 2 scrolls of identify
 N - a scroll of torment {unknown}
Potions
 j - 4 potions of curing
 o - a potion of agility
 r - a potion of berserk rage {unknown}
 A - a potion of might
 B - a potion of cure mutation
 D - 3 potions of flight
 O - a potion of brilliance {unknown}
Comestibles
 e - 5 bread rations
 h - 2 meat rations
 n - 5 beef jerkies
 J - 10 fruits


   Skills:
 + Level 8.8(13.8) Fighting
 * Level 14.3(19.3) Maces & Flails
 - Level 3.2(8.2) Armour
   Level 3.2(8.2) Shields


You had 10 spell levels left.
You didn't know any spells.

Dungeon Overview and Level Annotations

Branches:
Dungeon (10/15)            Temple (1/1) D:6             Orc (0/4) D:10
   Lair: D:8-11

Altars:
Ashenzari
Cheibriados
Dithmenos
Elyvilon
Fedhas
Gozag
Kikubaaqudgha
Makhleb
Nemelex Xobeh
Okawaru
Qazlal
Ru
Sif Muna
Trog
Vehumet
Xom
Yredelemnul
Zin
The Shining One

Annotations:
D:10 exclusion: obsidian statue, Maud


Innate Abilities, Weirdness & Mutations

You are resistant to torment.
Your stone body is resilient (AC +7).
You are immune to poison.
You resist negative energy.
You are resistant to electric shocks.
You can survive without breathing.
You are immune to petrification.
You are immune to rotting.


Message History

Maud is lightly wounded.
Maud hits you but does no damage.
Drink which item? (? for menu, Esc to quit)
You feel yourself speed up. Maud hits you with an eveningstar!
You are very lightly contaminated with residual magic.
You hit Maud.
Maud is moderately wounded.
You hit Maud but do no damage.
Maud is moderately wounded.
You puncture Maud!
Maud is moderately wounded.
Maud barely misses you.
You hit Maud but do no damage.
Maud is moderately wounded.
You impale Maud!!
Maud is heavily wounded.
You hit Maud but do no damage.
Maud is heavily wounded.
Maud hits you with an eveningstar!!
You die...

#. .. .#
.# ###.###
.....
##.@# #.@#
#.## #.#
##.# ##..#
###+###
#..##
......#
##'######
......###
#.......#
......'.##
#.#.#####


You could see Maud.

Vanquished Creatures
  A hill giant (D:10)
  An orc knight (Bailey)
  Prince Ribbit (D:9)
  A hippogriff (D:8)
  Grum (D:8)
  4 wolves
  A black bear (D:5)
  3 ogres
  10 orc warriors
  2 phantoms
  3 sky beasts
  A centaur (D:9)
  A necrophage (D:8)
  5 giant frogs
  2 big kobolds
  A water moccasin zombie (D:6)
  An elf skeleton (D:8)
  A water moccasin skeleton (D:4)
  4 killer bees
  4 wights (D:8)
  8 electric eels (D:7)
  A centaur zombie (D:6)
  15 crimson imps
  2 giant frog zombies
  A jelly (D:5)
  A giant frog skeleton (D:5)
  2 human zombies (D:8)
  10 orc priests
  3 hounds
  8 orc wizards
  A human skeleton (D:8)
  10 worker ants
  2 iguanas
  4 mummies
  13 adders
  7 gnolls
  A shadow imp (D:10)
  2 adder zombies
  2 oozes
  An adder skeleton (D:8)
  A worm (D:3)
  53 orcs
  4 goblins
  9 hobgoblins
  7 quokkas
  6 bats
  6 giant cockroaches
  4 giant geckos
  A giant gecko skeleton (D:7)
  8 giant newts
  10 jackals
  A jackal skeleton (D:5)
  15 kobolds
  7 rats
274 creatures vanquished.

Vanquished Creatures (others)
  A jackal (D:7)
  A kobold (D:2)
  A plant (D:7)
3 creatures vanquished.

Grand Total: 277 creatures vanquished

Notes
Turn   | Place    | Note
--------------------------------------------------------------
     0 | D:1      | HungrySpirit the Gargoyle Fighter began the quest for the Orb.
     0 | D:1      | Reached XP level 1. HP: 14/14 MP: 1/1
    89 | D:1      | Reached XP level 2. HP: 19/19 MP: 2/2
   760 | D:2      | Reached XP level 3. HP: 23/23 MP: 3/3
   871 | D:2      | Reached skill level 4 in Maces & Flails
   892 | D:2      | Found a sparkling altar of Nemelex Xobeh.
   980 | D:2      | Found a sacrificial altar of Ru.
  1001 | D:2      | Reached XP level 4. HP: 25/28 MP: 4/4
  1175 | D:2      | Found a stormy altar of Qazlal.
  1464 | D:3      | Found an ancient bone altar of Kikubaaqudgha.
  1823 | D:3      | Reached skill level 5 in Maces & Flails
  1823 | D:3      | Reached XP level 5. HP: 25/32 MP: 5/5
  2313 | D:4      | Found a white marble altar of Elyvilon.
  2569 | D:4      | Reached skill level 6 in Maces & Flails
  2645 | D:4      | Found a shadowy altar of Dithmenos.
  2834 | D:4      | Reached XP level 6. HP: 24/37 MP: 6/6
  3522 | D:4      | Reached skill level 7 in Maces & Flails
  3600 | D:5      | Entered Level 5 of the Dungeon
  3718 | D:5      | Reached XP level 7. HP: 34/41 MP: 7/7
  4175 | D:5      | Reached skill level 8 in Maces & Flails
  4745 | D:6      | Reached skill level 9 in Maces & Flails
  4745 | D:6      | Reached XP level 8. HP: 46/46 MP: 8/8
  4750 | D:6      | Found a staircase to the Ecumenical Temple.
  4768 | Temple   | Entered the Ecumenical Temple
  4861 | D:6      | Found an opulent altar of Gozag.
  4928 | D:6      | Found a snail-covered altar of Cheibriados.
  5404 | D:5      | Reached skill level 10 in Maces & Flails
  6344 | D:7      | Found an iron altar of Okawaru.
  7065 | D:7      | Reached XP level 9. HP: 52/52 MP: 9/9
  7073 | D:7      | Reached skill level 11 in Maces & Flails
  7669 | D:7      | Became a worshipper of Warmaster Okawaru
  7787 | D:7      | Reached skill level 5 in Fighting
  8471 | D:7      | Reached skill level 12 in Maces & Flails
  8479 | D:7      | Reached * piety under Okawaru
  8907 | D:7      | Found a burning altar of Makhleb.
  8925 | D:7      | Found a glowing silver altar of Zin.
  9310 | D:8      | Found a blossoming altar of Fedhas.
  9379 | D:8      | Found a flagged portal.
  9445 | Bailey   | Entered a bailey
  9578 | Bailey   | Reached ** piety under Okawaru
  9578 | Bailey   | Reached XP level 10. HP: 47/61 MP: 10/10
  9735 | Bailey   | Noticed an orc knight
  9735 | Bailey   | Noticed an orc knight
  9736 | Bailey   | Noticed an orc knight
  9965 | Bailey   | Killed an orc knight
 10729 | D:8      | Reached skill level 13 in Maces & Flails
 11049 | D:8      | Reached *** piety under Okawaru
 11075 | D:8      | Found a basalt altar of Yredelemnul.
 11155 | D:8      | Found a deep blue altar of Sif Muna.
 11672 | D:9      | Noticed Prince Ribbit
 11672 | D:9      | Noticed Grum
 11854 | D:8      | Reached **** piety under Okawaru
 12033 | D:8      | Killed Grum
 12328 | D:9      | Killed Prince Ribbit
 12373 | D:9      | Reached skill level 14 in Maces & Flails
 12613 | D:9      | Found a glowing golden altar of the Shining One.
 12733 | D:10     | Entered Level 10 of the Dungeon
 12744 | D:10     | Found a staircase to the Orcish Mines.
 12744 | D:10     | Noticed a hill giant
 12751 | D:10     | Killed a hill giant
 12751 | D:10     | Reached XP level 11. HP: 36/69 MP: 8/11
 13196 | D:10     | Noticed an obsidian statue
 13221 | D:10     | Noticed Maud
 13234 | D:10     | Slain by Maud

Action                   |  1- 3 |  4- 6 |  7- 9 | 10-12 || total
-------------------------+-------+-------+-------+-------++-------
Melee: Flail             |   153 |   200 |   532 |   103 ||   988
       Dire flail        |       |       |       |   280 ||   280
Invok: Heroism           |       |       |       |     5 ||     5
Evoke: Wand              |       |       |    12 |     7 ||    19
  Use: Potion            |       |     1 |     3 |     1 ||     5
       Scroll            |       |       |    17 |     1 ||    18
 Stab: Confused          |       |       |     1 |       ||     1
  Eat: Chunk             |     1 |     6 |     7 |     8 ||    22
       Fruit             |       |     2 |       |     5 ||     7
       Pizza             |       |       |     2 |       ||     2
       Meat ration       |       |       |     2 |       ||     2
